 Dungeon Crawl Stone Soup version 0.23.2-30-g0e89c35649 (webtiles) character file.

Game seed: 3542768793211253017

123 dohliylev the Sneak (level 4, -3/30 HPs)
             Began as a Vampire Enchanter on June 8, 2019.
             Slain by Natasha (8 damage)
             ... on level 2 of the Dungeon.
             The game lasted 00:09:37 (1717 turns).

dohliylev the Sneak (Vampire Enchanter)             Turns: 1717, Time: 00:09:38

Health: -3/30      AC:  3    Str:  7    XL:     4   Next: 80%
Magic:  0/7        EV: 12    Int: 18    God:
Gold:   70         SH:  3    Dex: 14    Spells: 4/7 levels left

rFire    . . .     SeeInvis +   q - +0 dagger (speed)
rCold    + . .     Gourm    .   k - +0 buckler
rNeg     + . .     Faith    .   b - +0 robe
rPois    .         Spirit   .   r - +0 helmet
rElec    .         Reflect  .   (no cloak)
rCorr    .         Harm     .   (no gloves)
MR       .....                  (no boots)
Stlth    ++++......             u - amulet of the acrobat
HPRegen  0.10/turn              n - ring of protection from cold
MPRegen  0.10/turn              (no ring)

@: no status effects
A: fangs 3, see invisible, unbreathing
a: Bat Form


You were on level 2 of the Dungeon.
You were not thirsty.

You visited 1 branch of the dungeon, and saw 2 of its levels.

You collected 70 gold pieces.

Inventory:

Hand Weapons
 o - a +2 dagger of draining
 q - a +0 dagger of speed (weapon)
Armour
 b - a +0 robe (worn)
 k - a +0 buckler (worn)
 r - a +0 helmet (worn)
Jewellery
 n - a ring of protection from cold (left hand)
 u - an amulet of the acrobat (around neck)
Scrolls
 e - 2 scrolls of enchant weapon {unknown}
 g - 2 scrolls of identify {unknown}
 h - 2 scrolls of enchant armour {unknown}
 i - 2 scrolls of magic mapping {unknown}
 j - a scroll of teleportation {unknown}
 s - a scroll of fear {unknown}
Potions
 a - a potion of magic {unknown}
 c - 3 potions of agility {unknown}
 d - 8 potions of blood
 f - 2 potions of invisibility {unknown}
 l - 2 potions of resistance {unknown}
 m - a potion of lignification {unknown}
 p - a potion of degeneration {unknown}
 t - 2 potions of haste


   Skills:
 - Level 1.1 Short Blades
 - Level 2.1 Dodging
 + Level 7.9 Stealth
 - Level 2.0 Spellcasting
 + Level 5.4 Hexes


You had 4 spell levels left.
You knew the following spells:

 Your Spells              Type           Power        Failure   Level  Hunger
a - Corona                Hex            ###....      3%          1    #......
b - Ensorcelled Hibernat  Hex/Ice        ##....       16%         2    ###....

Your spell library contained the following spells:

 Spells                   Type           Power        Failure   Level  Hunger
 Confuse                  Hex            ###.....     10%         3    ###....
 Tukima's Dance           Hex            ###.....     10%         3    ###....
 Dazzling Spray           Conj/Hex       ##....       30%         3    ###....


Dungeon Overview and Level Annotations

Branches:
Dungeon (2/15)

Altars:

Annotations:
D:2 Natasha


Innate Abilities, Weirdness & Mutations

You have razor-sharp teeth.
You have supernaturally acute eyesight. (SInv)
You can survive without breathing.


Message History

Natasha is severely wounded.
Natasha casts a spell.
You hit Natasha but do no damage.
Natasha is severely wounded.
Natasha claws you!
You hit Natasha but do no damage.
Natasha is severely wounded.
The crimson imp hits you but does no damage.
Natasha claws you but does no damage.
You closely miss Natasha. You bite Natasha.
Natasha is almost dead.
Natasha closely misses you. The crimson imp misses you.
You closely miss Natasha.
Natasha is almost dead.
Natasha claws you.
* * * LOW HITPOINT WARNING * * *
You hit Natasha but do no damage.
Natasha is almost dead.
The crimson imp completely misses you. Natasha claws you!
You die...

##.....#.....##
##.............##
#...............#
#...............#
##...............#
######................#
#.....................#
#.######...).........######
##.# ##.....5@...........
...# ######h....#.......
.### #......#....... ...#
#)#....#......g ##.#
##....###....g.. #.#
######..(..###(...g.g #.#
#....<.(...........g. ##.#
#............#....... g..
...# ##(...#.........# ...


You could see Natasha and a crimson imp.

Vanquished Creatures
  Natasha (D:2)
  Robin (D:2)
  A gnoll (D:1)
  2 adders (D:2)
  A dart slug (D:2)
  A leopard gecko (D:1)
  4 bats (D:1)
  4 giant cockroaches
  5 hobgoblins
  4 jackals (D:2)
  7 kobolds
  A quokka (D:2)
  A ball python (D:2)
  3 frilled lizards (D:1)
  13 goblins
  6 rats
55 creatures vanquished.

Notes
Turn   | Place    | Note
-------+----------+-------------------------------------------
     0 | D:1      | dohliylev the Vampire Enchanter began the quest for the
                  | Orb.
     0 | D:1      | Reached XP level 1. HP: 13/13 MP: 3/3
    84 | D:1      | Reached skill level 5 in Stealth
   174 | D:1      | Reached XP level 2. HP: 17/19 MP: 3/5
   178 | D:1      | Learned a level 2 spell: Ensorcelled Hibernation
   247 | D:1      | Reached skill level 6 in Stealth
   424 | D:1      | Reached XP level 3. HP: 24/24 MP: 6/6
  1153 | D:2      | Reached skill level 7 in Stealth
  1379 | D:2      | Noticed Natasha
  1383 | D:2      | Killed Natasha
  1383 | D:2      | Reached skill level 5 in Hexes
  1383 | D:2      | Reached XP level 4. HP: 22/30 MP: 3/7
  1500 | D:2      | Noticed Robin
  1523 | D:2      | Killed Robin
  1689 | D:2      | Noticed Natasha
  1717 | D:2      | Slain by Natasha

Skill      XL: |  1  2  3 |
---------------+----------+-----
Stealth        | 5 6 7 |  7.9
Hexes          | 5 |  5.4
Short Blades   | |  1.1
Dodging        | |  2.1
Spellcasting   | |  2.0

Action                   |  1- 3 |  4- 6 || total
-------------------------+-------+-------++-------
Melee: Dagger            |   133 |    54 ||   187
       Bite              |     9 |     7 ||    16
 Cast: Corona            |     5 |       ||     5
       Ensorcelled Hiber |    24 |    11 ||    35
 Stab: Sleeping          |    22 |     2 ||    24
       Distracted        |       |     1 ||     1
  Eat: Corpse            |     7 |     4 ||    11
Armor: Robe              |    22 |     7 ||    29
Dodge: Dodged            |    78 |    24 ||   102
Block: Buckler           |    10 |     8 ||    18
